 Dungeon Crawl Stone Soup version 0.29.1-1-gd02db6906a (webtiles) character file.

Game seed: 10690061736997617496

25 RogueRain17 the Insei (level 2, -5/22 HPs)
             Began as a Demonspawn Gladiator on Sept 19, 2022.
             Slain by a worm (7 damage)
             ... on level 2 of the Dungeon.
             The game lasted 00:02:53 (1372 turns).

RogueRain17 the Insei (Demonspawn Gladiator)        Turns: 1372, Time: 00:02:54

Health: -5/22      AC:  4    Str: 14    XL:     2   Next: 86%
Magic:  2/2        EV: 12    Int:  9    God:
Gold:   60         SH:  0    Dex: 14    Spells: 1/1 levels left

rFire   . . .      SeeInvis .     - Unarmed
rCold   . . .      Faith    .   (no shield)
rNeg    + . .      Spirit   .   a - +0 leather armour
rPois   .          Reflect  .   b - +0 helmet
rElec   .          Harm     .   (no cloak)
rCorr   .          Rampage  .   (no gloves)
Will    .....                   (no boots)
Stlth   +.........              (no amulet)
HPRegen 0.07/turn               p - ring of positive energy
MPRegen 0.08/turn               (no ring)

@: no status effects
A: foul stench 1
a: no special abilities


You were on level 2 of the Dungeon.
You visited 1 branch of the dungeon, and saw 2 of its levels.

You collected 60 gold pieces.

Inventory:

Hand Weapons
 s - a +2 short sword of flaming
Missiles
 c - 3 throwing nets (quivered)
 d - a javelin
Armour
 a - a +0 leather armour (worn)
 b - a +0 helmet (worn)
Jewellery
 j - a ring of protection from fire
 p - a ring of positive energy (left hand)
Scrolls
 g - a scroll of enchant armour {unknown}
 h - a scroll of butterflies
 i - a scroll of immolation {unknown}
 k - a scroll of noise {unknown}
 l - 2 scrolls of vulnerability {unknown}
 m - a scroll of silence
 o - a scroll of teleportation {unknown}
 r - a scroll of enchant weapon {unknown}
Potions
 e - a potion of degeneration {unknown}
 f - a potion of flight {unknown}
 n - a potion of brilliance {unknown}
 q - a potion of resistance {unknown}


   Skills:
 - Level 2.0 Fighting
 - Level 1.7 Throwing
 + Level 3.0 Dodging
 * Level 3.4 Unarmed Combat


You had one spell level left.
You didn't know any spells.
Your spell library was empty.

Dungeon Overview and Level Annotations

Branches:
Dungeon (2/15)

Altars:

Shops:
D:2 (


Innate Abilities, Weirdness & Mutations

You may rarely emit foul miasma when damaged in melee.


Message History

Items here: ) †††.
s - a +2 short sword of flaming You start resting.
A rat comes into view.
You hit the rat.
You kill the rat!
You start resting.
A worm comes into view.
Found a wooden ring.
You hit the worm.
The worm is lightly wounded.
The worm barely misses you.
You barely miss the worm.
The worm is lightly wounded.
You hit the worm.
The worm is moderately wounded.
The worm closely misses you.
You barely miss the worm.
The worm is moderately wounded.
You hit the worm.
The worm is moderately wounded.
The worm bites you!
You hit the worm.
The worm is heavily wounded.
The worm bites you but does no damage.
You hit the worm.
The worm is severely wounded.
You hit the worm.
The worm is severely wounded.
The worm misses you.
You hit the worm but do no damage.
The worm is severely wounded.
You hit the worm but do no damage.
The worm is severely wounded.
The worm bites you!
* * * LOW HITPOINT WARNING * * *
You hit the worm.
The worm is severely wounded.
The worm bites you!
You die...

...##....##........
#........†.!.......
#......##........ .
#.##...##........ ..#
##.#.##........ ....
##..#........... .....
###......#........
......#....##........###
......w@#####...#.#..#
......### ..#......#
..... ......=..# =#..
w....##.# ... .. .


You could see a worm.

Vanquished Creatures
  3 endoplasms
  A goblin (D:1)
  3 hobgoblins (D:1)
  4 jackals (D:1)
  3 kobolds
  A quokka (D:1)
  3 bats (D:2)
  2 frilled lizards
  4 rats
24 creatures vanquished.

Notes
Turn   | Place    | Note
-------+----------+-------------------------------------------
     0 | D:1      | RogueRain17 the Demonspawn Gladiator began the quest for
                  | the Orb.
     0 | D:1      | Reached XP level 1. HP: 16/16 MP: 1/1
   408 | D:1      | Gained mutation: You may rarely emit foul miasma when
                  | damaged in melee. [demonic ancestry]
   408 | D:1      | Reached XP level 2. HP: 22/22 MP: 2/2
   982 | D:1      | You fall into a shaft and drop 1 floor!
   983 | D:2      | Found Tiotan's Weapon Boutique.
  1372 | D:2      | Slain by a worm

Illustrated notes

Levels and vault maps discovered:
D:1:      lightli_arrival_statue_moat, layout_loops_cross, serial_forest,
          infiniplex_forest_straight_3, infiniplex_forest_clump_small,
          infiniplex_forest_lined_corner, infiniplex_forest_zigzag_1,
          infiniplex_forest_corner_1, infiniplex_forest_straight_1,
          infiniplex_forest_end_2, infiniplex_forest_end_2
D:2:      layout_rooms, serial_shops, shop, basic_altar,
          chequers_ecumenical_altar_simple_redux

Skill      XL: |  1  2 |
---------------+-------+-----
Unarmed Combat | 3 |  3.4
Dodging        | 3 |  3.0
Fighting       | |  2.0
Throwing       | |  1.7

Action                   || total
-------------------------++-------
Melee: Unarmed           ||    94
       Punch             ||     2
  Use: Scroll            ||     2
 Stab: Sleeping          ||     2
Armor: Leather armour    ||    24
Dodge: Dodged            ||    53
